 Dungeon Crawl Stone Soup version 0.26-a0-812-g31a745ddcd (webtiles) character file.

Game seed: 8941592385345284652

14899 Gargoyl the Fighter (level 12, -6/97 HPs)
             Began as a Gnoll Abyssal Knight on Nov 12, 2020.
             Was a Priest of Lugonu.
             Killed from afar by Erica (30 damage)
             ... with a lance of force
             ... on level 1 of the Lair of Beasts on Nov 13, 2020.
             The game lasted 00:19:12 (16347 turns).

Gargoyl the Fighter (Gnoll Abyssal Knight)         Turns: 16347, Time: 00:19:13

Health: -6/97      AC: 19    Str: 19    XL:     12   Next: 21%
Magic:  7/13       EV:  8    Int: 15    God:    Lugonu [***...]
Gold:   72         SH: 11    Dex: 17    Spells: 25/25 levels left

rFire    + . .     SeeInvis .   p - +2 hand axe of Ururgh {drain, rPois rN+++ MP-9 Dex-4}
rCold    . . .     Faith    .   r - +0 kite shield of the Ecumenical Temple {rF+ rN+}
rNeg     + + +     Spirit   .   v - +0 plate armour
rPois    +         Reflect  .   f - +2 hat
rElec    .         Harm     .   u - +1 cloak
rCorr    .         Rampage  .   t - +0 pair of gloves
MR       .....                  (no boots)
Stlth    ..........             (no amulet)
HPRegen  0.26/turn              m - +6 ring of dexterity
MPRegen  0.13/turn              (no ring)

@: no status effects
A: distributed training, fangs 1, strong nose
a: Depart the Abyss, Bend Space, Banish, Renounce Religion


You were on level 1 of the Lair of Beasts.
You worshipped Lugonu.
Lugonu was most pleased with you.
You visited 2 branches of the dungeon, and saw 12 of its levels.
You visited the Abyss 2 times.
You also visited: Sewer.

You collected 613 gold pieces.
You spent 541 gold pieces at shops.

Inventory:

Hand Weapons
 a - a +1 hand axe
 i - a +3 hand axe
 p - the +2 hand axe of Ururgh (weapon) {drain, rPois rN+++ MP-9 Dex-4}
   (You took it off a centaur on level 11 of the Dungeon)

   A truly terrible weapon, it drains the life of those it strikes.
   It affects your dexterity (-4).
   It protects you from poison.
   It renders you almost immune to negative energy.
   It affects your magic capacity (-9).
Missiles
 l - 5 javelins
 s - 12 poisoned darts (quivered)
Armour
 f - a +2 hat (worn)
 r - the +0 kite shield of the Ecumenical Temple (worn) {rF+ rN+}
   (You bought it in a shop on level 6 of the Dungeon)

   It protects you from fire.
   It protects you from negative energy.
 t - a +0 pair of gloves (worn)
 u - a +1 cloak (worn)
 v - a +0 plate armour (worn)
Jewellery
 m - a +6 ring of dexterity (left hand)
 n - a +6 ring of strength
Wands
 c - a wand of disintegration (13)
 j - a wand of acid (9)
 w - a wand of iceblast (4)
Scrolls
 e - 16 scrolls of identify
 h - 5 scrolls of remove curse
 q - a scroll of fog
Potions
 b - 5 potions of curing
 g - 3 potions of flight
 k - 2 potions of heal wounds
 o - 2 potions of brilliance
Miscellaneous
 d - a condenser vane


   Skills:
 + Level 9.7 Fighting
 + Level 7.1 Short Blades
 + Level 7.1 Long Blades
 + Level 8.5 Axes
 + Level 7.1 Maces & Flails
 + Level 7.1 Polearms
 + Level 7.1 Staves
 + Level 7.1 Slings
 + Level 7.1 Bows
 + Level 7.1 Crossbows
 + Level 7.1 Throwing
 + Level 8.5 Armour
 + Level 7.6 Dodging
 + Level 7.1 Stealth
 + Level 7.1 Shields
 + Level 7.1 Unarmed Combat
 + Level 7.1 Spellcasting
 + Level 5.8 Conjurations
 + Level 5.8 Hexes
 + Level 5.8 Summonings
 + Level 5.8 Necromancy
 + Level 5.8 Translocations
 + Level 5.8 Transmutations
 + Level 5.8 Fire Magic
 + Level 5.8 Ice Magic
 + Level 5.8 Air Magic
 + Level 5.8 Earth Magic
 + Level 5.8 Poison Magic
 + Level 9.1 Invocations
 + Level 7.1 Evocations


You had 25 spell levels left.
You didn't know any spells.
Your spell library contained the following spells:

 Spells                   Type           Power        Failure   Level
 Animate Skeleton         Necr           ###...       56%         1
 Apportation              Tloc           ###...       56%         1
 Corona                   Hex            ###....      56%         1
 Magic Dart               Conj           ###.         56%         1
 Pain                     Necr           ###.         56%         1
 Summon Small Mammal      Summ           ###.         56%         1
 Ensorcelled Hibernation  Hex/Ice        ###...       71%         2
 Searing Ray              Conj           ###...       71%         2
 Confusing Touch          Hex            ###.....     91%         3
 Dazzling Flash           Conj/Hex       ###...       91%         3
 Tukima's Dance           Hex            ###.....     91%         3
 Vampiric Draining        Necr           ###.......   91%         3
 Animate Dead             Necr           ###.......   100%        4
 Fulminant Prism          Conj/Hex       ###.......   100%        4
 Iskenderun's Mystic Bla  Conj/Tloc      ###.....     100%        4
 Agony                    Necr           ###.....     100%        5


Dungeon Overview and Level Annotations

Branches:
Dungeon (11/15)            Temple (0/1) D:7            Lair (1/6) D:10
    Orc (0/2) D:10          Sewer (visited)

Altars:
Cheibriados
Gozag
Hepliaklqana
Nemelex Xobeh
Qazlal
Vehumet
Wu Jian
Xom

Shops:
D:6 ([   D:7 (   D:9 [   D:11 !

Annotations:
Lair:1 Erica


Innate Abilities, Weirdness & Mutations

Your experience applies equally to all skills.
You have very sharp teeth.
Your uncanny sense of smell can sniff out nearby items.


Message History

You closely miss something. You hit the yak but do no damage.
You drain the yak. Something hits you.
* * * LOW HITPOINT WARNING * * *
Something burns you.
* * * LOW HITPOINT WARNING * * *
Unknown command.
You hit something. You hit the yak. You drain the yak.
You hear some strange, mumbled words.
A lance of force appears from out of thin air!
The lance of force hits you but does no damage.
Unknown command.
You hit something. You barely miss the yak.
Something hits you but does no damage.
Unknown command.
You barely miss something. You hit the yak but do no damage. You drain the yak.
The yak gores you but does no damage.
You hear some strange, mumbled words.
A lance of force appears from out of thin air!
The lance of force hits you!!
You die... !.... ....... .... ....... ♣... .8.....8 ... ....8... .. ........ ♣♣. hh......

#..♣{h.....^ #@♣♣..h...
### ####YY♣ $.♣
######.####Y.hYY♣...#
####.##.##†..YY.†Y...#
#.#..........YY....###
....................#
..............).....##
.............#P####..###
### ........#.##.###
###...####.#####


You could see 5 yaks and 3 wolves.

Vanquished Creatures
  A two-headed ogre (D:10)
  Joseph (D:8)
  A komodo dragon (Lair:1)
  Maggie (D:7)
  A troll (D:10)
  2 wyverns (D:10)
  Sigmund (D:2)
  2 basilisks (D:10)
  3 wraiths
  16 yaks
  A steam dragon (D:10)
  A soldier ant (D:10)
  6 water moccasins
  Edmund (D:4)
  4 orc warriors
  2 sky beasts
  An eye of draining (D:9)
  3 ice beasts
  A black bear (Lair:1)
  A necrophage (D:10)
  A phantom (D:7)
  11 ogres
  16 wolves (Lair:1)
  9 centaurs
  4 big kobolds
  3 bullfrogs
  4 gnoll sergeants (D:10)
  4 scorpions
  7 wights (D:6)
  18 killer bees
  A howler monkey (D:6)
  3 hounds
  2 quasits
  A jelly (D:8)
  8 orc priests
  16 orc wizards
  4 bullfrog skeletons
  A centaur skeleton (D:4)
  An iron imp (D:7)
  2 iguanas (D:9)
  10 worker ants
  A hound zombie (D:8)
  A howler monkey zombie (D:10)
  5 gnolls (D:10)
  14 adders
  4 white imps
  4 oozes
  An adder zombie (D:9)
  3 worms
  2 dart slugs (D:1)
  5 leopard geckos
  47 orcs
  2 ball pythons
  12 bats
  5 giant cockroaches
  8 goblins
  5 hobgoblins
  2 jackals (D:1)
  5 quokkas
  8 frilled lizards
  A giant cockroach zombie (D:6)
  15 kobolds
  6 rats
332 creatures vanquished.

Vanquished Creatures (others)
  An orc warrior (D:11)
  3 fungi
  22 plants
26 creatures vanquished.

Grand Total: 358 creatures vanquished

Notes
Turn   | Place    | Note
-------+----------+-------------------------------------------
     0 | Abyss:1  | Gargoyl the Gnoll Abyssal Knight began the quest for the
                  | Orb.
     0 | Abyss:1  | Reached XP level 1. HP: 23/23 MP: 3/3
   131 | Abyss:3  | Noticed a lightning spire
   131 | Abyss:3  | Noticed a raiju
   131 | Abyss:3  | Noticed a smoke demon
   131 | Abyss:3  | Noticed a lightning spire
   131 | Abyss:3  | Noticed a blizzard demon
   131 | Abyss:3  | Noticed a raiju
   131 | Abyss:3  | Noticed a lightning spire
   131 | Abyss:3  | Noticed a merfolk impaler
   131 | Abyss:3  | Noticed a lightning spire
   131 | Abyss:3  | Noticed a raiju
   131 | Abyss:3  | Noticed a blizzard demon
   131 | Abyss:3  | Noticed a lightning spire
   131 | Abyss:3  | Noticed a smoke demon
   131 | Abyss:3  | Noticed a raiju
   131 | Abyss:3  | Noticed a lightning spire
   132 | D:1      | Escaped the Abyss
   425 | D:1      | Reached XP level 2. HP: 28/29 MP: 5/5
   718 | D:1      | Reached * piety under Lugonu
   866 | D:1      | Reached XP level 3. HP: 35/35 MP: 6/6
  1399 | D:2      | Noticed Sigmund
  1443 | D:3      | Reached skill level 1 in Short Blades
  1443 | D:3      | Reached skill level 1 in Long Blades
  1443 | D:3      | Reached skill level 1 in Maces & Flails
  1443 | D:3      | Reached skill level 1 in Polearms
  1443 | D:3      | Reached skill level 1 in Staves
  1443 | D:3      | Reached skill level 1 in Slings
  1443 | D:3      | Reached skill level 1 in Bows
  1443 | D:3      | Reached skill level 1 in Crossbows
  1443 | D:3      | Reached skill level 1 in Throwing
  1443 | D:3      | Reached skill level 1 in Stealth
  1443 | D:3      | Reached skill level 1 in Shields
  1443 | D:3      | Reached skill level 1 in Unarmed Combat
  1443 | D:3      | Reached skill level 1 in Spellcasting
  1443 | D:3      | Reached skill level 1 in Evocations
  1679 | D:3      | Reached XP level 4. HP: 34/41 MP: 7/7
  1765 | D:3      | Reached ** piety under Lugonu
  1859 | D:3      | Reached skill level 1 in Conjurations
  1859 | D:3      | Reached skill level 1 in Hexes
  1859 | D:3      | Reached skill level 1 in Summonings
  1859 | D:3      | Reached skill level 1 in Necromancy
  1859 | D:3      | Reached skill level 1 in Translocations
  1859 | D:3      | Reached skill level 1 in Transmutations
  1859 | D:3      | Reached skill level 1 in Fire Magic
  1859 | D:3      | Reached skill level 1 in Ice Magic
  1859 | D:3      | Reached skill level 1 in Air Magic
  1859 | D:3      | Reached skill level 1 in Earth Magic
  1859 | D:3      | Reached skill level 1 in Poison Magic
  2234 | D:3      | Reached XP level 5. HP: 40/47 MP: 8/8
  2305 | D:3      | Found a shimmering altar of Xom.
  2592 | D:2      | Killed Sigmund
  2592 | D:2      | Reached skill level 5 in Axes
  2592 | D:2      | Reached skill level 5 in Armour
  2592 | D:2      | Reached skill level 5 in Invocations
  2592 | D:2      | Reached XP level 6. HP: 33/53 MP: 9/9
  3600 | D:4      | Noticed Edmund
  3615 | D:4      | Killed Edmund
  3615 | D:4      | Reached XP level 7. HP: 12/60 MP: 10/10
  4391 | D:5      | Entered Level 5 of the Dungeon
  4402 | D:5      | Found a glowing drain.
  4435 | D:5      | Reached *** piety under Lugonu
  4451 | Sewer    | Entered a sewer
  4948 | Sewer    | Reached XP level 8. HP: 61/67 MP: 12/12
  5315 | D:6      | Found Nina's Antique Armour Shoppe.
  6572 | D:6      | Reached XP level 9. HP: 70/72 MP: 14/14
  6596 | D:6      | Reached **** piety under Lugonu
  6615 | D:6      | Bought a dazzling kite shield for 294 gold pieces
  6620 | D:6      | Identified the cursed +0 kite shield of the Ecumenical
                  | Temple {rF+ rN+} (You bought it in a shop on level 6 of the
                  | Dungeon)
  6669 | D:6      | Found a sparkling altar of Nemelex Xobeh.
  6752 | D:6      | Found Fumo's Antique Weapon Shop.
  7152 | D:7      | Found a snail-covered altar of Cheibriados.
  7431 | D:7      | Found a staircase to the Ecumenical Temple.
  7445 | D:7      | Reached skill level 5 in Dodging
  7959 | D:7      | Found Amireale's Antique Weapon Shop.
  8052 | D:7      | Found an opulent altar of Gozag.
  8055 | D:7      | Noticed Maggie
  8085 | D:7      | Killed Maggie
  8938 | D:8      | Noticed Joseph
  8961 | D:8      | Killed Joseph
  8961 | D:8      | Reached XP level 10. HP: 39/80 MP: 17/17
  9172 | D:8      | Reached skill level 5 in Short Blades
  9172 | D:8      | Reached skill level 5 in Long Blades
  9172 | D:8      | Reached skill level 5 in Maces & Flails
  9172 | D:8      | Reached skill level 5 in Polearms
  9172 | D:8      | Reached skill level 5 in Staves
  9172 | D:8      | Reached skill level 5 in Slings
  9172 | D:8      | Reached skill level 5 in Bows
  9172 | D:8      | Reached skill level 5 in Crossbows
  9172 | D:8      | Reached skill level 5 in Throwing
  9172 | D:8      | Reached skill level 5 in Stealth
  9172 | D:8      | Reached skill level 5 in Shields
  9172 | D:8      | Reached skill level 5 in Unarmed Combat
  9172 | D:8      | Reached skill level 5 in Spellcasting
  9172 | D:8      | Reached skill level 5 in Evocations
 10184 | D:8      | Found a stormy altar of Qazlal.
 10188 | D:8      | Found a hazy altar of Hepliaklqana.
 10191 | D:8      | Found a radiant altar of Vehumet.
 10436 | D:8      | Noticed a purple ugly thing
 10469 | D:7      | Banished a purple ugly thing
 11093 | D:9      | Found an ornate altar of the Wu Jian Council.
 11849 | D:9      | Found Osku's Antique Armour Shop.
 12458 | D:10     | Entered Level 10 of the Dungeon
 12501 | D:10     | Reached XP level 11. HP: 72/87 MP: 19/19
 13233 | D:10     | Reached skill level 5 in Conjurations
 13233 | D:10     | Reached skill level 5 in Hexes
 13233 | D:10     | Reached skill level 5 in Summonings
 13233 | D:10     | Reached skill level 5 in Necromancy
 13233 | D:10     | Reached skill level 5 in Translocations
 13233 | D:10     | Reached skill level 5 in Transmutations
 13233 | D:10     | Reached skill level 5 in Fire Magic
 13233 | D:10     | Reached skill level 5 in Ice Magic
 13233 | D:10     | Reached skill level 5 in Air Magic
 13233 | D:10     | Reached skill level 5 in Earth Magic
 13233 | D:10     | Reached skill level 5 in Poison Magic
 13411 | D:10     | HP: 4/89 [wyvern (3)]
 13706 | D:10     | Found a staircase to the Lair.
 14090 | D:10     | Noticed a two-headed ogre
 14116 | D:10     | Killed a two-headed ogre
 14285 | D:10     | Reached ***** piety under Lugonu
 14681 | D:10     | Found a staircase to the Orcish Mines.
 15214 | D:9      | Bought a faintly glowing chain mail for 247 gold pieces
 15225 | D:9      | Identified the cursed +1 chain mail of the Lily {*Corrode
                  | rPois rF+++ rC-} (You bought it in a shop on level 9 of the
                  | Dungeon)
 15312 | D:11     | Found Ucvaqevi's Distillery.
 15316 | D:11     | Noticed a green ugly thing
 15340 | D:10     | Banished a green ugly thing
 15639 | D:11     | Identified the +2 hand axe of Ururgh {drain, rPois rN+++
                  | MP-9 Dex-4}
 15814 | Lair:1   | Entered Level 1 of the Lair of Beasts
 15815 | Lair:1   | Upgraded the game from 0.26-a0-808-g930a2b7adc to
                  | 0.26-a0-812-g31a745ddcd
 15882 | Lair:1   | Reached XP level 12. HP: 70/96 MP: 13/22
 16308 | Lair:1   | Escaped the Abyss
 16316 | Lair:1   | Noticed Erica
 16347 | Lair:1   | Killed from afar by Erica

Illustrated notes

Levels and vault maps discovered:
D:1:      psy_arrival_fountain, layout_basic
D:2:      layout_loops_ring, minmay_unequal, uniq_sigmund
D:3:      layout_loops_cross, nicolae_overflow_hidden_temple
D:4:      layout_loops_ring, uniq_edmund
D:5:      layout_rooms, portal_sewer_entry_f
D:6:      layout_basic, nemelex_xobeh_ov_fountains_minmay, serial_shops,
          nicolae_shop_overgrown_old_shop, nicolae_shop_waterfront
D:7:      layout_gridville, slow_altar_1, kennysheep_little_box,
          minmay_temple_entry_antechambers, serial_shops, nicolae_shop_stone,
          uniq_maggie
D:8:      layout_gridville, minmay_overflow_temple_star_quad, uniq_joseph
D:9:      layout_cave_pools, marbit_many_paths, serial_shops, shop,
          serial_bayou_crossing
D:10:     layout_basic, minmay_lair_entry_grove,
          kennysheep_orc_monster_closet_entryway
D:11:     layout_basic, serial_shops, shop
Lair:1:   layout_cave_pods, grunt_forest_large_clearings, uniq_erica

Skill      XL: |  1  2  3  4  5  6  7  8  9 10 11 12 |
---------------+-------------------------------------+-----
Short Blades   | 1 2 3 4 5 6 7 |  7.1
Long Blades    | 1 2 3 4 5 6 7 |  7.1
Maces & Flails | 1 2 3 4 5 6 7 |  7.1
Polearms       | 1 2 3 4 5 6 7 |  7.1
Staves         | 1 2 3 4 5 6 7 |  7.1
Slings         | 1 2 3 4 5 6 7 |  7.1
Bows           | 1 2 3 4 5 6 7 |  7.1
Crossbows      | 1 2 3 4 5 6 7 |  7.1
Throwing       | 1 2 3 4 5 6 7 |  7.1
Stealth        | 1 2 3 4 5 6 7 |  7.1
Shields        | 1 2 3 4 5 6 7 |  7.1
Unarmed Combat | 1 2 3 4 5 6 7 |  7.1
Spellcasting   | 1 2 3 4 5 6 7 |  7.1
Evocations     | 1 2 3 4 5 6 7 |  7.1
Conjurations   | 1 2 3 4 5 |  5.8
Hexes          | 1 2 3 4 5 |  5.8
Summonings     | 1 2 3 4 5 |  5.8
Necromancy     | 1 2 3 4 5 |  5.8
Translocations | 1 2 3 4 5 |  5.8
Transmutations | 1 2 3 4 5 |  5.8
Fire Magic     | 1 2 3 4 5 |  5.8
Ice Magic      | 1 2 3 4 5 |  5.8
Air Magic      | 1 2 3 4 5 |  5.8
Earth Magic    | 1 2 3 4 5 |  5.8
Poison Magic   | 1 2 3 4 5 |  5.8
Dodging        | 3 4 5 6 7 |  7.6
Axes           | 5 6 7 8 |  8.5
Armour         | 5 6 7 8 |  8.5
Invocations    | 5 6 7 8 9 |  9.1
Fighting       | 7 8 9 |  9.7

Action                   |  1- 3 |  4- 6 |  7- 9 | 10-12 || total
-------------------------+-------+-------+-------+-------++-------
Melee: Hand axe          |   136 |   165 |   511 |  1064 ||  1876
       Bite              |    16 |    21 |    90 |   207 ||   334
       Punch             |       |     1 |     7 |       ||     8
Throw: Dart              |       |       |    16 |    31 ||    47
       Javelin           |       |       |     1 |       ||     1
Invok: Depart the Abyss  |     1 |       |       |     1 ||     2
       Banish            |       |       |       |     3 ||     3
       Bend Space        |       |       |       |     2 ||     2
       Enter the Abyss   |       |       |       |     1 ||     1
Evoke: Condenser vane    |       |       |       |     1 ||     1
  Use: Scroll            |     2 |     1 |    10 |     4 ||    17
       Potion            |     2 |       |     8 |    10 ||    20
 Stab: Invisible         |       |       |    15 |       ||    15
       Confused          |       |       |       |     2 ||     2
Armor: Chain mail        |   101 |    54 |   275 |   114 ||   544
       Skin              |       |       |    19 |       ||    19
       Plate armour      |       |       |       |   465 ||   465
Dodge: Dodged            |    73 |    50 |   205 |   333 ||   661
Block: Kite shield       |       |       |   111 |   595 ||   706

Table legend: (Time is in decaauts)
 A = Elapsed time spent in this place.
 B = Non-inter-level travel time spent in this place.
 C = Inter-level travel time spent in this place.
 D = Time resting spent in this place.
 E = Time spent auto-exploring this place.
 F = Levels seen in this place.
 G = Mean time per level.
                   A        B        C        D        E       F      G
               +--------+--------+--------+--------+--------+-----+--------+
         Total |  16443 |  15922 |    521 |   3872 |   8398 |  17 |  967.2 |
       Dungeon |  15225 |  14705 |    520 |   3634 |   7943 |  11 | 1384.1 |
          Lair |    502 |    502 |      0 |      0 |    228 |   1 |  502.0 |
         Abyss |    148 |    148 |      0 |     13 |     94 |   4 |   37.0 |
         Sewer |    567 |    567 |      0 |    225 |    133 |   1 |  567.0 |
               +--------+--------+--------+--------+--------+-----+--------+

Top non-repeatable levels by time:
     D:8: 2594 daAuts
    D:10: 2220 daAuts
     D:7: 2090 daAuts
     D:9: 1736 daAuts
     D:3: 1464 daAuts
     D:6: 1382 daAuts
     D:2: 1026 daAuts
     D:4: 985 daAuts
     D:1: 897 daAuts
     D:5: 611 daAuts
   Sewer: 567 daAuts
  Lair:1: 502 daAuts
    D:11: 215 daAuts
 Abyss:1: 112 daAuts
 Abyss:2: 34 daAuts
